 Dungeon Crawl Stone Soup version 0.32-a0-871-ge202e49faa (webtiles) character file.

Game seed: 11910485577575771088

5677 Griffin23 the Carver (level 10, -5/91 HPs)
             Began as a Minotaur Fighter on Mar 30, 2024.
             Was a Believer of Nemelex Xobeh.
             Killed from afar by an acid dragon (33 damage)
             ... with a splash of acid
             ... on level 9 of the Dungeon.
             The game lasted 00:11:38 (8953 turns).

Griffin23 the Carver (Minotaur Fighter)             Turns: 8953, Time: 00:11:38

Health: -5/91      AC:  4    Str: 25    XL:     10   Next: 47%
Magic:  9/9        EV: 13    Int:  5    God:    Nemelex Xobeh [**....]
Gold:   527        SH:  0    Dex: 10    Spells: 9/9 levels left

rFire   . . .        M - +0 great sword
rCold   . . .        (shield currently unavailable)
rNeg    . . .        h - +0 chain mail
rPois   .            (helmet restricted)
rElec   .            L - +0 cloak
rCorr   .            (no gloves)
SInv    .            (no boots)
Will    .....        (no amulet) Stlth
                     g - +5 ring of evasion
HPRegen 0.35/turn    m - +4 ring of slaying
MPRegen 0.11/turn

%: no passive effects
@: corroded
A: horns 2, retaliatory headbutt
a: Renounce Religion, Draw Escape, Draw Destruction, Draw Summoning


You were on level 9 of the Dungeon.
You worshipped Nemelex Xobeh.
Nemelex Xobeh was pleased with you.
You visited 1 branch of the dungeon, and saw 9 of its levels.
You also visited: Ossuary.

You collected 527 gold pieces.

Inventory:

Hand Weapons
 a - a +0 long sword
 J - a +0 scimitar
 M - a +0 great sword (weapon)
Missiles
 I - 2 throwing nets (quivered)
Armour
 b - a +0 scale mail
 c - a +0 buckler
 h - a +0 chain mail (worn)
 L - a +0 cloak (worn)
Jewellery
 g - a +5 ring of evasion (left hand)
 m - a +4 ring of slaying (right hand)
 r - a ring of magical power
 x - a ring of wizardry
 C - a +4 ring of protection
 G - a ring of ice
Wands
 H - a wand of flame (20)
 N - a wand of charming (15)
Scrolls
 f - 3 scrolls of immolation
 n - 2 scrolls of vulnerability
 p - 4 scrolls of teleportation
 s - 5 scrolls of blinking
 t - 4 scrolls of fog
 u - 2 scrolls of enchant armour
 v - a scroll of acquirement {unknown}
 w - 2 scrolls of butterflies {unknown}
 y - 5 scrolls of noise
 B - 3 scrolls of enchant weapon
 D - a scroll of revelation {unknown}
 E - a scroll of brand weapon {unknown}
 F - a scroll of amnesia {unknown}
 O - a scroll of poison {unknown}
Potions
 d - 3 potions of might
 e - 2 potions of invisibility
 i - 2 potions of mutation
 j - 5 potions of cancellation
 k - 2 potions of degeneration
 l - a potion of attraction
 o - 3 potions of haste
 q - 2 potions of resistance {unknown}
 z - 2 potions of lignification {unknown}
 A - 4 potions of brilliance {unknown}
 P - a potion of heal wounds {unknown}


   Skills:
 + Level 9.5 Fighting
 * Level 12.5 Long Blades
 + Level 9.5 Armour
 - Level 7.9 Shields


You had 9 spell levels left.
You didn't know any spells.
Your spell library contained the following spells:

 Spells                   Type           Power      Damage    Failure   Level
 Sandblast                Erth           0%         2d4       91%         1
 Cigotuvi's Dreadful Rot  Necr/Alch/Air  0%         N/A       97%         2
 Ensorcelled Hibernation  Hex/Ice        0%         N/A       97%         2
 Jinxbite                 Hex            0%         N/A       97%         2
 Lesser Beckoning         Tloc           0%         N/A       97%         2
 Fugue of the Fallen      Necr           0%         N/A       100%        3
 Ozocubu's Armour         Ice            0%         N/A       100%        3
 Passwall                 Erth           0%         N/A       100%        3
 Stone Arrow              Conj/Erth      0%         3d7       100%        3
 Swiftness                Air            0%         N/A       100%        3
 Teleport Other           Tloc           0%         N/A       100%        3
 Brom's Barrelling Bould  Conj/Erth      0%         2d3       100%        4
 Ignite Poison            Fire/Alch      0%         N/A       100%        4
 Maxwell's Portable Pile  Tloc           0%         2d(5-10)  100%        4
 Freezing Cloud           Conj/Ice/Air   0%         6-21      100%        5
 Yara's Violent Unravell  Hex/Alch       0%         3d3       100%        5
 Enfeeble                 Hex            0%         N/A       100%        7
 Manifold Assault         Tloc           0%         N/A       100%        7


Dungeon Overview and Level Annotations

Branches:
Dungeon (9/15)             Temple (0/1) D:7         Ossuary (visited)
   Lair: D:8-11         Orc: D:9-12

Altars:
Cheibriados
Fedhas
Gozag
Nemelex Xobeh
Okawaru
Ru
Wu Jian
Xom
Zin

Shops:
D:8 (*

Annotations:
D:8 1 runed translucent door


Innate Abilities, Weirdness & Mutations

You have a pair of horns on your head.
You reflexively headbutt those who attack you in melee.


Message History

No target in view!
No target in view!
Things that are here:
a +0 orcbow; a centaur corpse
There is an open door here.
An acid dragon comes into view.
The acid dragon roars!
The acid dragon spits acid at you. The splash of acid hits you!!
The acid corrodes you!
An acid dragon is nearby!
An acid dragon is nearby!
Found 6 gold pieces.
Found an opulent altar of Gozag.
The acid dragon spits acid at you. The splash of acid hits you!!
You hear a roar!
You are too injured to fight recklessly!
You are too injured to fight recklessly!
You are too injured to fight recklessly!
Unknown command.
You are too injured to fight recklessly!
An acid dragon comes into view.
The acid dragon bites you but does no damage.
The acid dragon closely misses you.
You closely miss the acid dragon.
The acid dragon roars!
The acid dragon closely misses you. You furiously retaliate!
You headbutt the acid dragon! The acid dragon claws you.
You hit the acid dragon but do no damage.
The acid dragon is heavily wounded.
The acid dragon spits acid at you. The splash of acid hits you!!
The acid corrodes you! The acid dragon closely misses you.
You furiously retaliate!
You headbutt the acid dragon.
The acid dragon claws you but does no damage.
You barely miss the acid dragon. Your headbutt misses the acid dragon.
The acid dragon is heavily wounded.
The acid dragon spits acid at you. The splash of acid hits you!!
You die...
Your body disappears without a glow.

#..... #.....
....# #...# #..D#
$$+##...#
_$.....D#
$$.....@#
..#####.# #.# #...
#.# #####...# #.#
+.......######.###
+................#
#................#
#................#


You could see 2 acid dragons.

Vanquished Creatures
  A two-headed ogre (D:9)
  Jeremiah (D:7)
  A shadow (D:8)
  2 yaks (D:8)
  4 wraiths (D:8)
  A vampire (D:9)
  2 fire bats (D:8)
  A steam dragon (D:8)
  5 water moccasins
  2 ice beasts
  2 black bears
  A centaur (D:9)
  A weeping skull (Ossuary)
  3 phantoms
  2 kobold brigands (D:8)
  3 bullfrogs
  A gnoll sergeant (D:7)
  2 scorpions
  8 wights
  A burial acolyte (Ossuary)
  6 killer bees
  A bombardier beetle (D:4)
  2 hounds
  A jelly (D:4)
  A human zombie (Ossuary)
  2 orc priests
  A gnoll bouda (D:8)
  3 iguanas
  3 sleepcaps
  An orc wizard (D:6)
  5 mummies (Ossuary)
  15 gnolls
  2 adders (D:6)
  A shadow imp (D:5)
  3 white imps
  4 ufetubi (D:6)
  A ribbon worm (D:2)
  2 dart slugs (D:4)
  25 orcs
  11 bats
  3 endoplasms
  A giant cockroach (D:4)
  2 gnoll zombies (Ossuary)
  5 goblins
  4 hobgoblins
  2 jackals (D:1)
  17 kobolds
  A quokka (D:1)
  3 training dummies (D:8)
  5 ball pythons
  2 frilled lizards (D:2)
  2 kobold zombies (Ossuary)
  3 orc zombies (Ossuary)
  5 rats
189 creatures vanquished.

Notes
Turn   | Place    | Note
-------+----------+-------------------------------------------
     0 | D:1      | Griffin23 the Minotaur Fighter began the quest for the Orb.
     0 | D:1      | Reached XP level 1. HP: 19/19 MP: 0/0
   215 | D:1      | Reached XP level 2. HP: 25/27 MP: 1/1
   817 | D:2      | Reached skill level 3 in Long Blades
   822 | D:2      | Reached XP level 3. HP: 21/33 MP: 2/2
   942 | D:2      | Found a faded altar of an unknown god.
  1808 | D:4      | Noticed a water moccasin
  1824 | D:4      | Killed a water moccasin
  1825 | D:4      | Reached skill level 4 in Long Blades
  1825 | D:4      | Reached XP level 4. HP: 33/41 MP: 3/3
  1825 | D:4      | Reached XP level 5. HP: 38/47 MP: 4/4
  2195 | D:4      | Noticed a black bear
  2195 | D:4      | Noticed a phantom
  2202 | D:4      | Killed a phantom
  2203 | D:4      | Reached skill level 5 in Fighting
  2203 | D:4      | Reached skill level 5 in Long Blades
  2203 | D:4      | Reached skill level 5 in Armour
  2203 | D:4      | Reached skill level 5 in Shields
  2203 | D:4      | Reached XP level 6. HP: 55/56 MP: 5/5
  2664 | D:5      | Entered Level 5 of the Dungeon
  2759 | D:5      | Found an iron altar of Okawaru.
  3090 | D:5      | Found a sand-covered staircase.
  3102 | D:5      | Reached skill level 6 in Long Blades
  3102 | D:5      | Reached XP level 7. HP: 51/61 MP: 6/6
  3126 | Ossuary  | Entered an ossuary
  3558 | D:5      | Reached skill level 7 in Long Blades
  4249 | D:6      | Reached XP level 8. HP: 53/70 MP: 7/7
  4691 | D:6      | Found a sparkling altar of Nemelex Xobeh.
  4691 | D:6      | Found a faded altar of an unknown god.
  4698 | D:6      | Found a shimmering altar of Xom.
  4700 | D:6      | Found a snail-covered altar of Cheibriados.
  4702 | D:6      | Found a sacrificial altar of Ru.
  4726 | D:6      | Became a worshipper of Nemelex Xobeh the Trickster
  4869 | D:6      | Reached skill level 8 in Long Blades
  5499 | D:7      | Reached skill level 9 in Long Blades
  5691 | D:7      | Reached XP level 9. HP: 78/79 MP: 8/8
  5909 | D:7      | Noticed Jeremiah
  5934 | D:7      | Killed Jeremiah
  6024 | D:7      | Found a staircase to the Ecumenical Temple.
  6152 | D:7      | Found a blossoming altar of Fedhas.
  6218 | D:7      | Reached skill level 10 in Long Blades
  7099 | D:8      | Reached * piety under Nemelex Xobeh
  7104 | D:8      | Received a gift from Nemelex Xobeh
  7193 | D:8      | Reached skill level 11 in Long Blades
  7648 | D:8      | Found Ziseg's Firing Range.
  7833 | D:8      | Found Qiukoloe's Assorted Antiques.
  7948 | D:8      | Reached XP level 10. HP: 80/90 MP: 9/9
  8111 | D:8      | Found a runed translucent door.
  8187 | D:8      | Noticed a flayed ghost
  8192 | D:8      | Found an ornate altar of the Wu Jian Council.
  8255 | D:8      | Found a glowing silver altar of Zin.
  8268 | D:8      | Found an ornate altar of the Wu Jian Council.
  8368 | D:8      | Found a sacrificial altar of Ru.
  8377 | D:8      | Found a shimmering altar of Xom.
  8388 | D:8      | Found an opulent altar of Gozag.
  8402 | D:8      | Reached skill level 12 in Long Blades
  8833 | D:9      | Noticed a two-headed ogre
  8841 | D:9      | Killed a two-headed ogre
  8949 | D:9      | Found an opulent altar of Gozag.
  8949 | D:9      | Reached ** piety under Nemelex Xobeh
  8953 | D:9      | Killed from afar by an acid dragon

Illustrated notes

Levels and vault maps discovered:
D:1:      saegor_arrival_fortress, layout_loops_ring
D:2:      layout_loops_ring, shapermc_ecumenical_altar_acropolis
D:3:      layout_rooms
D:4:      layout_rooms
D:5:      layout_basic, okawaru_metal_pillars_3, enter_ossuary_2,
          roderic_roman_lattice, minmay_tree_intersection
D:6:      layout_basic, chequers_temple_overflow_minitemple
D:7:      layout_basic, fedhas_altar_4, temple_fountains, serial_corexii_hall,
          chequers_hall_statues_y, chequers_hall_statues_corner_a,
          chequers_hall_statues_wall_a, uniq_jeremiah
D:8:      due_megacathedral, layout_layer_cave, minmay_shop_grid_forest,
          nicolae_shop_firing_range
D:9:      layout_irregular_city, nicolae_gozag_seed_capital,
          small_chamber_with_monster, hangedman_glass_teeth

Skill      XL: |  1  2  3  4  5  6  7  8  9 10 |
---------------+-------------------------------+-----
Fighting       | 4 5 6 7 8 9 |  9.5
Long Blades    | 3 4 5 6 7 9 11 12 | 12.5
Armour         | 4 5 6 7 8 9 |  9.5
Shields        | 4 5 6 7 |  7.9

Action                     |  1- 3 |  4- 6 |  7- 9 | 10-12 || total
---------------------------+-------+-------+-------+-------++-------
  Melee: Long sword        |    83 |    93 |   203 |       ||   379
         Headbutt          |    10 |    22 |    58 |     9 ||    99
         Great sword       |       |       |    76 |    55 ||   131
 Invoke: Draw Destruction  |       |       |     1 |       ||     1
  Evoke: Wand              |       |       |     3 |       ||     3
    Use: Scroll            |       |     7 |     1 |     5 ||    13
 Armour: Scale mail        |    66 |    62 |       |       ||   128
         Chain mail        |       |    13 |   195 |    67 ||   275
  Dodge: Dodged            |    54 |    80 |   186 |    57 ||   377
  Block: Buckler           |    15 |    32 |    60 |       ||   107

Table legend: (Time is in decaauts)
 A = Elapsed time spent in this place.
 B = Non-inter-level travel time spent in this place.
 C = Inter-level travel time spent in this place.
 D = Time resting spent in this place.
 E = Time spent auto-exploring this place.
 F = Levels seen in this place.
 G = Mean time per level.
                   A        B        C        D        E       F      G
               +--------+--------+--------+--------+--------+-----+--------+
         Total |   9057 |   8354 |    703 |    613 |   6495 |  10 |  905.7 |
       Dungeon |   8651 |   7948 |    703 |    613 |   6196 |   9 |  961.2 |
       Ossuary |    405 |    405 |      0 |      0 |    299 |   1 |  405.0 |
               +--------+--------+--------+--------+--------+-----+--------+

Top non-repeatable levels by time:
     D:8: 1915 daAuts
     D:6: 1285 daAuts
     D:7: 1219 daAuts
     D:5: 1214 daAuts
     D:4: 920 daAuts
     D:1: 787 daAuts
     D:2: 588 daAuts
     D:3: 433 daAuts
 Ossuary: 405 daAuts
     D:9: 287 daAuts
